 Dungeon Crawl Stone Soup version 0.24.0-125-gc4c63601f3 (webtiles) character file.

Game seed: 16898063340778862530, levelgen mode: deterministic

130501 Peloso the Peltast (level 16, -2/147 HPs)
             Began as a Minotaur Fighter on Mar 19, 2020.
             Was the Champion of Okawaru.
             Killed from afar by Louise (29 damage)
             ... with a bolt of lightning
             ... on level 1 of the Swamp.
             The game lasted 01:28:24 (29183 turns).

Peloso the Peltast (Minotaur Fighter)              Turns: 29183, Time: 01:28:24

Health: -2/147     AC: 22    Str: 27    XL:     16   Next: 53%
Magic:  18/18      EV: 11    Int: 11    God:    Okawaru [******]
Gold:   1481       SH: 15    Dex:  8    Spells: 20/20 levels left

rFire    + + +     SeeInvis .   a - +10 zealot's sword {holy, *Rage rN+ EV+3}
rCold    . . .     Gourm    .   c - +0 shield {reflect}
rNeg     + + +     Faith    +   N - +0 plate armour "Romu" {rF+ rN++ Int+4 Dex-5}
rPois    .         Spirit   .   G - +2 hat {MR+}
rElec    .         Reflect  +   o - scarf {cloud immunity}
rCorr    +         Harm     .   j - +2 pair of gloves {archery}
MR       ++...     Rnd*Rage +   (no boots)
Stlth    ..........             L - amulet of faith
HPRegen  0.34/turn              M - ring "Qal Fun" {rF+ rCorr Str+2}
MPRegen  0.16/turn              (no ring)

@: grasped by roots, constricted
A: retaliatory headbutt, horns 2, clever 1, fire resistance 1
a: Heroism, Finesse, Renounce Religion


You were on level 1 of the Swamp.
You worshipped Okawaru.
Okawaru was exalted by your worship.
You were not hungry.

You visited 5 branches of the dungeon, and saw 25 of its levels.
You also visited: Gauntlet and Ice Cave.

You collected 2614 gold pieces.
You spent 1133 gold pieces at shops.

Inventory:

Hand Weapons
 a - the +10 zealot's sword (weapon) {holy, *Rage rN+ EV+3}
   (Okawaru gifted it to you in an ice cave)

   It has been blessed by the Shining One to cause great damage to the undead
   and demons.
   It affects your evasion (+3).
   It protects you from negative energy.
   It may make you go berserk in combat.
 b - a +4 scimitar of flaming
 v - the +5 scimitar of Mayhem {slice, Str+4}
   (You found it on level 4 of the Lair of Beasts)

   It inflicts extra damage upon your enemies.
   It affects your strength (+4).
Armour
 c - a +0 shield of reflection (worn)
 j - a +2 pair of gloves of archery (worn)
 o - a scarf of cloud immunity (worn)
 q - the +0 hat of Insatiable Hunger {rC+ Str+2 Dex-4}
   (Okawaru gifted it to you on level 9 of the Dungeon)

   It affects your strength (+2).
   It affects your dexterity (-4).
   It protects you from cold.
 s - a +0 cloak
 x - +0 swamp dragon scales
 G - a +2 hat of magic resistance (worn)
 N - the +0 plate armour "Romu" (worn) {rF+ rN++ Int+4 Dex-5}
   (You took it off a minotaur in a Gauntlet)

   It affects your intelligence (+4).
   It affects your dexterity (-5).
   It protects you from fire.
   It greatly protects you from negative energy.
Jewellery
 r - an uncursed ring of flight
 t - a cursed -3 ring of evasion {unknown}
 y - an uncursed ring of see invisible
 E - an uncursed ring of protection from magic
 L - an amulet of faith (around neck)
 M - the ring "Qal Fun" (left hand) {rF+ rCorr Str+2}
   (You bought it in a shop on level 2 of the Orcish Mines)

   [ring of resist corrosion]

   It affects your strength (+2).
   It protects you from fire.
   It provides partial protection from all sources of acid and corrosion.
 Q - an uncursed ring of protection from magic
Wands
 n - a wand of disintegration (15)
 w - a wand of enslavement (7)
 I - a wand of clouds (3)
 S - a wand of flame (38)
 Y - a wand of polymorph (10)
Scrolls
 h - 14 scrolls of teleportation
 i - 10 scrolls of identify
 k - 8 scrolls of remove curse
 l - 4 scrolls of blinking
 u - 2 scrolls of fog
 F - 2 scrolls of fear
 P - 2 scrolls of noise
Potions
 d - 7 potions of might
 e - a potion of mutation
 m - 9 potions of curing
 p - 4 potions of haste
 A - 5 potions of agility
 B - 3 potions of resistance
 D - 5 potions of flight
 H - 2 potions of berserk rage
 U - 2 potions of heal wounds
Comestibles
 f - 45 rations
 g - 2 chunks of flesh


   Skills:
 + Level 14.9 Fighting
 + Level 16.7 Long Blades
 + Level 3.8 Throwing
 + Level 14.7 Armour
 + Level 8.3 Dodging
 + Level 4.4 Stealth
 + Level 18.9 Shields
 + Level 4.2 Unarmed Combat
 + Level 2.5 Spellcasting
 + Level 2.0 Invocations
 + Level 0.7 Evocations


You had 20 spell levels left.
You didn't know any spells.
Your spell library contained the following spells:

 Spells                   Type           Power        Failure   Level  Hunger
 Confusing Touch          Hex            #.....       88%         1    ##.....
 Corona                   Hex            #......      88%         1    ##.....
 Magic Dart               Conj           #...         88%         1    ##.....
 Blink                    Tloc           N/A          95%         2    ###....
 Call Imp                 Summ           #.......     95%         2    ###....
 Searing Ray              Conj           #.....       95%         2    ###....
 Slow                     Hex            #.......     95%         2    ###....
 Swiftness                Chrm/Air       #.......     95%         2    ###....
 Conjure Flame            Conj/Fire      #.......     99%         3    ####...
 Dazzling Spray           Conj/Hex       #.....       99%         3    ####...
 Inner Flame              Hex/Fire       #.......     99%         3    ####...
 Mephitic Cloud           Conj/Pois/Air  #.......     99%         3    ####...
 Portal Projectile        Hex/Tloc       #.....       99%         3    ####...
 Static Discharge         Conj/Air       #.......     99%         3    ####...
 Cause Fear               Hex            #.........   100%        4    #####..
 Force Lance              Conj/Tloc      #.......     100%        4    #####..
 Fulminant Prism          Conj/Hex       #.........   100%        4    #####..
 Iskenderun's Mystic Bla  Conj           #.......     100%        4    #####..
 Leda's Liquefaction      Hex/Erth       #.........   100%        4    #####..
 Iskenderun's Battlesphe  Conj/Chrm      #.......     100%        5    ######.
 Lightning Bolt           Conj/Air       #.........   100%        5    ######.
 Darkness                 Hex            #.........   100%        6    #######
 Malign Gateway           Summ/Tloc      #.........   100%        7    #######
 Monstrous Menagerie      Summ           #.........   100%        7    #######
 Summon Greater Demon     Summ           #.........   100%        7    #######
 Ignition                 Fire           #.........   100%        8    #######
 Summon Horrible Things   Summ           #.........   100%        8    #######
 Shatter                  Erth           #.........   100%        9    #######
 Tornado                  Air            #.........   100%        9    #######


Dungeon Overview and Level Annotations

Branches:
Dungeon (15/15)            Temple (1/1) D:5            Lair (6/6) D:11
  Swamp (1/4) Lair:3       Spider (0/4) Lair:3        Slime (0/5) Lair:5
    Orc (2/2) D:12            Elf (0/3) Orc:2        Vaults (0/5) D:13
 Depths (0/5) D:15          IceCv (visited)         Gauntlet (visited)

Altars:
Ashenzari
Cheibriados
Dithmenos
Elyvilon
Fedhas
Gozag
Hepliaklqana
Kikubaaqudgha
Makhleb
Nemelex Xobeh
Okawaru
Qazlal
Ru
Trog
Uskayaw
Vehumet
Wu Jian
Xom
Yredelemnul
Zin
Beogh
Jiyva

Shops:
D:13 =   D:15 :   Orc:2 :[==

Annotations:
Swamp:1 Louise


Innate Abilities, Weirdness & Mutations

You reflexively headbutt those who attack you in melee.
You have a pair of horns on your head.
Your mind is acute. (Int +2)
Your flesh is heat resistant. (rF+)


Message History

The shambling mangrove hits you!
* * * LOW HITPOINT WARNING * * *
Unknown command.
Unknown command.
Louise blocks your attack.
Louise is heavily wounded.
Louise hits you but does no damage.
Unknown command.
You slash the shambling mangrove!
The shambling mangrove is moderately damaged.
Roots burst forth from the earth!
The grasping roots grab you!
* * * LOW HITPOINT WARNING * * *
The grasping roots constrict you!
Unknown command.
You slash the shambling mangrove! You headbutt the shambling mangrove.
The shambling mangrove is heavily damaged.
Louise points at you and mumbles some strange words.
The bolt of lightning hits you!!
You die...

≈≈.♣♣.≈≈≈≈≈≈≈≈≈≈≈.≈♣♣.......
≈≈♣♣♣..≈..≈≈..§≈.♣♣..≈≈≈≈≈≈..
..♣♣≈...........♣
♣..≈≈≈≈≈≈≈.. .♣♣♣..≈≈....≈.♣♣
♣♣....≈≈≈≈.≈ ♣♣ ♣..≈≈....≈.♣
♣.....≈≈§...
♣♣...≈≈.≈♣♣♣♣♣♣≈≈≈≈≈≈≈≈≈≈≈≈
♣♣♣♣♣.^.♣♣♣≈≈≈.≈≈≈≈..
♣≈≈...≈.≈fn..≈≈≈.≈
♣♣♣♣≈..≈@@≈≈....♣
♣.§≈...≈♣♣♣♣..♣♣ ♣.≈≈≈≈≈≈♣
...♣ ♣♣≈..≈≈≈♣ .♣ ♣♣♣≈...♣
♣♣♣♣♣♣


You could see Louise, a shambling mangrove and a bog body.

Vanquished Creatures
  A lich (D:14)
  Jorgrun (Orc:1)
  An acid blob (Lair:5)
  A tengu reaver (D:14)
  Donald (Swamp:1)
  A frost giant (IceCv)
  An orc warlord (Orc:2)
  The ghost of Peloso the Peltast, a journeyman MiFi of Okawaru (Lair:5)
  A minotaur (Gauntlet)
  2 dire elephants
  An ettin (D:12)
  The ghost of Hoavos the Cleaver, a journeyman FoFi of the Shining One (D:14)
  9 hydras
  Harold (Orc:1)
  5 vault guards (D:13)
  Erolcha (Orc:1)
  2 centaur warriors
  4 catoblepae
  3 alligators (Swamp:1)
  2 death knights (D:15)
  A tengu warrior (D:15)
  6 two-headed ogres
  11 death yaks
  4 orc high priests (Orc:2)
  Sonja (D:11)
  Nergalle (Lair:4)
  2 skeletal warriors
  4 unseen horrors
  A swamp dragon (Swamp:1)
  An obsidian statue (Gauntlet)
  A phantasmal warrior (D:14)
  2 necromancers
  5 orc knights
  9 orc sorcerers
  4 manticores
  5 ugly things
  3 cyclopes
  A centaur zombie (D:13)
  13 elephants
  An ice statue (IceCv)
  8 black mambas
  3 gargoyles
  8 spiny frogs
  A kobold demonologist (D:14)
  2 minotaur zombies (Gauntlet)
  2 komodo dragons
  An efreet (D:15)
  3 freezing wraiths (D:15)
  A tengu conjurer (D:15)
  3 jumping spiders (Lair:3)
  A queen bee (Gauntlet)
  11 trolls
  17 polar bears
  A tyrant leech (Swamp:1)
  3 hornets
  4 slime creatures
  A bog body (Swamp:1)
  14 blink frogs
  A wolf spider simulacrum (D:14)
  Prince Ribbit (Lair:2)
  20 dream sheep
  8 hippogriffs
  A redback (Lair:3)
  Sigmund (D:3)
  2 spriggans (Swamp:1)
  A shadow (D:11)
  5 wyverns
  3 vampires
  7 humans (D:13)
  9 wraiths
  Eustachio (D:5)
  4 basilisks
  46 yaks
  The ghost of Mehrunes the Shield-Bearer, an amateur DsFi of Kikubaaqudgha (D:4)
  9 vampire mosquitoes
  4 swamp worms
  2 wargs (Orc:2)
  3 insubstantial wisps (Swamp:1)
  4 porcupines
  12 water moccasins
  11 ice beasts
  A meliai simulacrum (D:15)
  40 orc warriors
  3 sky beasts
  2 black bears
  A hornet zombie (D:15)
  17 ogres
  3 eyes of draining
  2 phantoms
  A necrophage (D:11)
  2 elephant zombies (Lair:3)
  29 wolves
  13 centaurs
  The ghost of dogstar the Conjurer, an amateur DsCj (D:4)
  2 big kobolds
  15 crocodiles
  18 bullfrogs
  A wyvern zombie (D:11)
  6 scorpions
  28 killer bees
  17 wights
  2 electric eels
  10 howler monkeys
  5 crimson imps
  3 bullfrog zombies
  6 hounds
  6 jellies
  16 orc wizards
  Crazy Yiuf (D:3)
  30 orc priests
  5 centaur skeletons
  5 iguanas
  2 bullfrog skeletons
  10 worker ants
  2 crocodile zombies (Lair:3)
  A hound skeleton (D:4)
  A hound zombie (D:7)
  A howler monkey zombie (D:7)
  4 gnolls
  21 adders
  8 river rats (D:5)
  A shadow imp (D:12)
  3 white imps (D:9)
  A worker ant simulacrum (D:9)
  2 ufetubi (D:9)
  3 oozes
  2 adder zombies (D:5)
  3 worms
  3 dart slugs
  2 adder simulacra (D:9)
  5 leopard geckos
  126 orcs
  7 giant cockroaches
  5 goblins
  7 hobgoblins
  7 jackals
  13 quokkas
  2 ball pythons
  8 bats
  7 frilled lizards
  24 kobolds
  5 leopard gecko skeletons
  2 leopard gecko zombies
  A quokka skeleton (D:7)
  21 rats
  A fungus (Lair:6)
  3 plants (Lair:1)
961 creatures vanquished.

Vanquished Creatures (others)
  An orc priest (D:12)
  A gnoll (Orc:1)
  An orc (Orc:1)
  6 fungi
9 creatures vanquished.

Grand Total: 970 creatures vanquished

Notes
Turn   | Place    | Note
-------+----------+-------------------------------------------
     0 | D:1      | Peloso the Minotaur Fighter began the quest for the Orb.
     0 | D:1      | Reached XP level 1. HP: 19/19 MP: 0/0
    92 | D:1      | You fall into a shaft and drop 1 floor!
   123 | D:2      | Reached XP level 2. HP: 25/27 MP: 1/1
   218 | D:2      | Reached skill level 4 in Shields
   333 | D:2      | Reached XP level 3. HP: 33/33 MP: 2/2
  1505 | D:3      | Found an opulent altar of Gozag.
  1506 | D:3      | Noticed Sigmund
  1520 | D:3      | Killed Sigmund
  1520 | D:3      | Reached skill level 1 in Dodging
  1520 | D:3      | Reached skill level 5 in Shields
  1520 | D:3      | Reached XP level 4. HP: 34/41 MP: 3/3
  1520 | D:3      | Reached XP level 5. HP: 39/47 MP: 4/4
  1676 | D:3      | Found a blossoming altar of Fedhas.
  1728 | D:3      | Reached skill level 5 in Armour
  1728 | D:3      | Reached XP level 6. HP: 49/53 MP: 5/5
  1827 | D:3      | Found a shimmering altar of Xom.
  2149 | D:3      | Found a glowing silver altar of Zin.
  2225 | D:3      | Found a runed translucent door.
  2226 | D:3      | Noticed Crazy Yiuf
  2230 | D:3      | Killed Crazy Yiuf
  2299 | D:4      | Reached skill level 5 in Fighting
  2299 | D:4      | Reached skill level 5 in Long Blades
  2510 | D:4      | Found a radiant altar of Vehumet.
  2633 | D:4      | Reached XP level 7. HP: 61/61 MP: 6/6
  2764 | D:4      | Found a runed translucent gate.
  2764 | D:4      | Found a runed translucent gate.
  2764 | D:4      | Found a runed translucent gate.
  2764 | D:4      | Noticed Mehrunes's ghost (amateur DsFi)
  2765 | D:4      | Noticed dogstar's ghost (amateur DsCj)
  2893 | D:4      | Gained mutation: Potions are less effective at restoring
                  | your health. [potion of mutation]
  2893 | D:4      | Gained mutation: You have large cloven feet. [potion of
                  | mutation]
  2894 | D:4      | Lost mutation: Potions are less effective at restoring your
                  | health. [potion of mutation]
  2894 | D:4      | Lost mutation: You have large cloven feet. [potion of
                  | mutation]
  2894 | D:4      | Gained mutation: Your spells are a little easier to cast,
                  | but a little less powerful. [potion of mutation]
  2894 | D:4      | Gained mutation: Your flesh is heat resistant. (rF+)
                  | [potion of mutation]
  2894 | D:4      | Gained mutation: Your mind is acute. (Int +2) [potion of
                  | mutation]
  2894 | D:4      | Lost mutation: Your spells are a little easier to cast, but
                  | a little less powerful. [potion of mutation]
  3137 | D:4      | Reached skill level 7 in Shields
  3137 | D:4      | Reached XP level 8. HP: 73/73 MP: 6/10
  3150 | D:5      | Entered Level 5 of the Dungeon
  3150 | D:5      | Noticed Eustachio
  3200 | D:5      | Killed Eustachio
  3200 | D:5      | Reached skill level 8 in Shields
  3201 | D:5      | Found a staircase to the Ecumenical Temple.
  3321 | Temple   | Entered the Ecumenical Temple
  3345 | Temple   | Became a worshipper of Warmaster Okawaru
  3531 | D:5      | Reached skill level 5 in Dodging
  3557 | D:5      | Found an iron altar of Okawaru.
  3730 | D:5      | Reached XP level 9. HP: 79/79 MP: 11/11
  4261 | D:6      | Reached * piety under Okawaru
  4998 | D:7      | Found an ornate altar of the Wu Jian Council.
  5130 | D:7      | You fall into a shaft and drop 2 floors!
  5138 | D:9      | Reached ** piety under Okawaru
  5419 | D:8      | Reached skill level 9 in Shields
  5435 | D:8      | Reached XP level 10. HP: 88/88 MP: 12/12
  5511 | D:8      | Found a stormy altar of Qazlal.
  5699 | D:8      | Reached *** piety under Okawaru
  5714 | D:8      | Found a hazy altar of Hepliaklqana.
  6056 | D:8      | Noticed a gargoyle
  6065 | D:8      | Killed a gargoyle
  6069 | D:8      | Found a burning altar of Makhleb.
  6181 | D:8      | Reached skill level 10 in Long Blades
  6247 | D:10     | Entered Level 10 of the Dungeon
  6252 | D:10     | Noticed a gargoyle
  6262 | D:10     | Killed a gargoyle
  6453 | D:10     | Noticed a two-headed ogre
  6461 | D:10     | Killed a two-headed ogre
  6461 | D:10     | Reached **** piety under Okawaru
  6636 | D:10     | Noticed a two-headed ogre
  6644 | D:10     | Killed a two-headed ogre
  6644 | D:10     | Reached ***** piety under Okawaru
  6644 | D:10     | Reached skill level 10 in Shields
  6688 | D:10     | Reached XP level 11. HP: 95/95 MP: 13/13
  6893 | D:10     | Noticed an unseen horror
  6903 | D:10     | Killed an unseen horror
  7137 | D:11     | Noticed an unseen horror
  7148 | D:11     | Killed an unseen horror
  7160 | D:11     | Found a staircase to the Lair.
  7250 | D:11     | Received a gift from Okawaru
  7338 | D:11     | Noticed an orc knight
  7364 | D:11     | Killed an orc knight
  7364 | D:11     | Received a gift from Okawaru
  7571 | D:11     | Noticed Sonja
  7574 | D:11     | Killed Sonja
  8198 | D:11     | Reached skill level 11 in Shields
  8540 | D:11     | Noticed a green ugly thing
  8550 | D:11     | Killed a green ugly thing
  9019 | Lair:1   | Entered Level 1 of the Lair of Beasts
  9032 | Lair:1   | Reached skill level 10 in Armour
  9050 | Lair:1   | Reached XP level 12. HP: 106/106 MP: 14/14
  9060 | Lair:1   | Reached skill level 10 in Fighting
  9126 | Lair:1   | Found a gate leading to a gauntlet.
  9138 | Gauntlet | Entered a Gauntlet
  9138 | Gauntlet | Found a transporter.
  9138 | Gauntlet | Found a transporter.
  9138 | Gauntlet | Found a transporter.
  9140 | Gauntlet | Found a transporter.
  9142 | Gauntlet | Found a transporter.
  9155 | Gauntlet | Found a transporter.
  9156 | Gauntlet | Noticed a dire elephant
  9157 | Gauntlet | Found a transporter.
  9161 | Gauntlet | Found a transporter.
  9163 | Gauntlet | Found a large runed translucent door.
  9164 | Gauntlet | Found a large runed translucent door.
  9165 | Gauntlet | Found a large runed translucent door.
  9165 | Gauntlet | Found a large runed translucent door.
  9165 | Gauntlet | Found a runed translucent door.
  9165 | Gauntlet | Found a runed translucent door.
  9166 | Gauntlet | Found a large runed translucent door.
  9166 | Gauntlet | Found a large runed translucent door.
  9166 | Gauntlet | Found a large runed translucent door.
  9166 | Gauntlet | Found a large runed translucent door.
  9167 | Gauntlet | Found a large runed translucent door.
  9168 | Gauntlet | Found a large runed translucent door.
  9169 | Gauntlet | Found a large runed translucent door.
  9169 | Gauntlet | Found a large runed translucent door.
  9170 | Gauntlet | Found a large runed translucent door.
  9170 | Gauntlet | Found a large runed translucent door.
  9170 | Gauntlet | Found a large runed translucent door.
  9172 | Gauntlet | Found a runed translucent gate.
  9172 | Gauntlet | Found a runed translucent gate.
  9172 | Gauntlet | Found a runed translucent gate.
  9174 | Gauntlet | Found a transporter.
  9184 | Gauntlet | Found the ring of Robustness {AC+8}
  9185 | Gauntlet | Found a large runed translucent door.
  9282 | Gauntlet | Found a transporter.
  9286 | Gauntlet | Found a transporter.
  9302 | Gauntlet | Found a transporter.
  9473 | Gauntlet | Killed a dire elephant
  9488 | Gauntlet | Received a gift from Okawaru
  9510 | Gauntlet | Got a pitted pewter ring
  9511 | Gauntlet | Identified the ring "Fareung" {-Tele +Fly rPois rF+ MR+}
                  | (You found it in a Gauntlet)
 10097 | Gauntlet | Identified the cursed +0 plate armour "Romu" {rF+ rN++
                  | Int+4 Dex-5}
 10097 | Gauntlet | Identified the ring "Hutaetav" {Wiz Str+4}
 10097 | Gauntlet | Noticed a minotaur
 10119 | Gauntlet | Killed a minotaur
 10429 | Gauntlet | Identified the Almanac of Aid and Glamour
 10705 | Lair:1   | Reached skill level 1 in Invocations
 10985 | Lair:1   | Received a gift from Okawaru
 11363 | Lair:2   | Noticed Prince Ribbit
 11570 | Lair:1   | Reached skill level 12 in Shields
 11709 | Lair:2   | Killed Prince Ribbit
 12473 | Lair:3   | Found a staircase to the Swamp.
 13065 | Lair:3   | Found a hole to the Spider Nest.
 13072 | Lair:3   | Reached XP level 13. HP: 116/116 MP: 15/15
 13076 | Lair:3   | Received a gift from Okawaru
 13744 | D:4      | Killed Mehrunes's ghost
 13752 | D:4      | Killed dogstar's ghost
 14338 | D:9      | Reached ****** piety under Okawaru
 14694 | D:9      | Received a gift from Okawaru
 14745 | D:9      | Got a warped hat {god gift}
 14761 | D:9      | Identified the +0 hat of Insatiable Hunger {rC+ Str+2
                  | Dex-4} (Okawaru gifted it to you on level 9 of the Dungeon)
 14809 | D:9      | Found an ancient bone altar of Kikubaaqudgha.
 14993 | D:9      | Found a sparkling altar of Nemelex Xobeh.
 14994 | D:9      | Found a snail-covered altar of Cheibriados.
 15281 | D:12     | Found a staircase to the Orcish Mines.
 15533 | D:12     | Found a shimmering altar of Xom.
 16534 | D:13     | Reached skill level 13 in Shields
 16557 | D:13     | Found Iruru's Jewellery Boutique.
 17177 | D:13     | Found a gate to the Vaults.
 17313 | Orc:1    | Entered Level 1 of the Orcish Mines
 17728 | Lair:4   | Received a gift from Okawaru
 18060 | Lair:4   | Reached XP level 14. HP: 112/127 MP: 16/16
 18303 | Lair:4   | Got a steaming scimitar
 18304 | Lair:4   | Identified the +5 scimitar of Mayhem {slice, Str+4} (You
                  | found it on level 4 of the Lair of Beasts)
 18317 | Lair:4   | Noticed Nergalle
 18324 | Lair:4   | Killed Nergalle
 18370 | Lair:4   | Reached skill level 14 in Shields
 18520 | Lair:4   | Reached skill level 15 in Long Blades
 19293 | Orc:1    | Noticed Jorgrun
 19536 | Orc:1    | You fall into a shaft and drop 1 floor!
 19536 | Orc:2    | Entered Level 2 of the Orcish Mines
 19809 | Orc:1    | Noticed Harold
 19820 | Orc:1    | Killed Harold
 19820 | Orc:1    | Received a gift from Okawaru
 20138 | Orc:1    | Noticed Erolcha
 20146 | Orc:1    | Killed Erolcha
 20184 | Orc:1    | Killed Jorgrun
 20184 | Orc:1    | Reached skill level 15 in Shields
 21158 | Orc:2    | Noticed an orc warlord
 21178 | Orc:2    | Killed an orc warlord
 21558 | Orc:2    | Found a staircase to the Elven Halls.
 21627 | Orc:2    | Paralysed by an orc sorcerer for 5 turns
 21654 | Orc:2    | Got a twisted spear
 21655 | Orc:2    | Identified the cursed +0 spear of Nousavui {pierce, +Rage
                  | rElec rF- Int-3} (You found it on level 2 of the Orcish
                  | Mines)
 21917 | Orc:2    | Found a roughly hewn altar of Beogh.
 22020 | Orc:2    | Found Popheun's Jewellery Boutique.
 22028 | Orc:2    | Received a gift from Okawaru
 22051 | Orc:2    | Found Furewenti's Jewellery Shop.
 22068 | Orc:2    | Bought the ring "Qal Fun" {rF+ rCorr Str+2} for 573 gold
                  | pieces
 22329 | Orc:2    | Reached XP level 15. HP: 136/136 MP: 17/17
 22356 | Orc:2    | Found a roughly hewn altar of Beogh.
 22401 | Orc:2    | Reached skill level 16 in Shields
 22468 | Orc:2    | Found Poshegh's Book Emporium.
 22521 | Orc:2    | Found Wos Tyi's Antique Armour Boutique.
 22707 | Orc:2    | Bought an uncursed amulet of faith for 560 gold pieces
 22873 | D:14     | Noticed a lich
 22873 | D:14     | Noticed Hoavos's ghost (journeyman FoFi)
 22874 | D:14     | Noticed a tengu reaver
 22916 | D:14     | Found a runed translucent door.
 23152 | D:14     | Found a runed translucent door.
 23309 | D:15     | Entered Level 15 of the Dungeon
 23369 | D:15     | Found a frozen archway.
 23382 | IceCv    | Entered an ice cave
 23818 | IceCv    | Noticed a frost giant
 23837 | IceCv    | Killed a frost giant
 23838 | IceCv    | Received a gift from Okawaru
 23839 | IceCv    | Found the +10 zealot's sword {holy, *Rage rN+ EV+3}
 24098 | D:15     | Found Woanobeu's Book Boutique.
 24113 | D:15     | Reached skill level 17 in Shields
 24716 | D:15     | Found a staircase to the Depths.
 25626 | Lair:4   | Received a gift from Okawaru
 25817 | Lair:5   | Found a runed translucent door.
 26074 | Lair:5   | Noticed Peloso's ghost (journeyman MiFi)
 26088 | Lair:5   | Killed Peloso's ghost
 26390 | Lair:5   | Found a runed translucent door.
 26390 | Lair:5   | Found a viscous altar of Jiyva.
 26391 | Lair:5   | Found a staircase to the Slime Pits.
 26392 | Lair:5   | Noticed an acid blob
 26687 | Lair:6   | Entered Level 6 of the Lair of Beasts
 26854 | Lair:6   | Reached skill level 18 in Shields
 27055 | Lair:6   | Reached XP level 16. HP: 146/146 MP: 18/18
 27160 | Lair:6   | Received a gift from Okawaru
 27772 | Lair:6   | Received a gift from Okawaru
 28063 | Lair:5   | Killed an acid blob
 28304 | D:14     | Killed a tengu reaver
 28309 | D:14     | Killed a lich
 28313 | D:14     | Killed Hoavos's ghost
 28329 | D:14     | Received a gift from Okawaru
 28632 | Swamp:1  | Entered Level 1 of the Swamp
 28959 | Swamp:1  | Noticed Donald
 28972 | Swamp:1  | Killed Donald
 29160 | Swamp:1  | Noticed Louise
 29183 | Swamp:1  | Killed from afar by Louise

Levels and vault maps discovered:
D:1:      lemuel_arrival_broad_hall, layout_basic, serial_rivers,
          chequers_serial_rivers_room_a, chequers_serial_rivers_micro_b,
          chequers_serial_rivers_micro_c, chequers_serial_rivers_small_b,
          chequers_serial_rivers_micro_c
D:2:      layout_rooms, serial_curves, eino_curves_02, eino_curves_03,
          st_stairs_3, minmay_close_crescents
D:3:      layout_basic, zin_scriptorium,
          nicolae_gozag_cash_rules_everything_around_me, old_standard_altar,
          first_ration, fedhas_ov_isle_minmay, uniq_sigmund,
          uniq_crazy_yiuf_cottage
D:4:      layout_rooms, nicolae_overflow_crystal_walls, gammafunk_ghost_cemetery
D:5:      lemuel_ratsnest, layout_rooms, minmay_temple_entry_statues_pillars,
          st_stairs_14, okawaru_altar_gauntlet_db, uniq_eustachio
D:6:      layout_cave_pools
D:7:      layout_loops_ring, lemuel_round_altar, grunt_ogre_cave
D:8:      layout_loops_cross, grunt_qazlal_clouds,
          nicolae_overflow_hidden_temple, basic_altar, feat_on_display
D:9:      layout_cave_pools, gammafunk_temple_overflow_statue,
          old_standard_altar, serial_ice, serial_ice_a, serial_ice_m,
          serial_ice_n, serial_ice_j, serial_ice_f, serial_ice_h, serial_ice_g,
          serial_ice_e, serial_ice_d, serial_ice_b
D:10:     layout_irregular_city
D:11:     cheibrodos_fzero, layout_stronghold, lair_entry_dummy, uniq_sonja
D:12:     layout_stronghold, orc_0_dummy, basic_altar
D:13:     layout_rooms, ximxim_vaults_locker_room, serial_shops, shop
D:14:     layout_cave_pools, muffindrake_ghost_dual_entry, minivault_12
D:15:     hangedman_depths_entry_try_elsewhere_first, layout_basic,
          portal_ice_cave_entry_pillars_2, serial_shops, shop_statue
Temple:   nicolae_temple_x_marks_the_god
Lair:1:   layout_loops_ring, gauntlet_entry_generic
Lair:2:   layout_hall_layers, uniq_prince_ribbit2
Lair:3:   pond_and_an_island_with_a_cottage, layout_long_grid,
          minmay_swamp_entry_worms, spider_nest_entry_funnel_web,
          serial_bayou_pond_d, lemuel_fruit_tree
Lair:4:   layout_hall_layers, uniq_nergalle
Lair:5:   layout_regular_city, slime_altar_2, ebering_ghost_reflecting_pool,
          cheibrodos_lair_reptile_den, grunt_megastairs_1
Lair:6:   evilmike_catoblepas_cave, layout_hall_layers
Swamp:1:  layout_basic_swamp, evilmike_swamp_ruin_rubble_2, uniq_donald,
          uniq_louise
Orc:1:    layout_caves, uniq_jorgrun, uniq_harold, uniq_erolcha
Orc:2:    pubby_orc_utopia

Skill      XL: |  1  2  3  4  5  6  7  8  9 10 11 12 13 14 15 16 |
---------------+-------------------------------------------------+-----
Fighting       | 4 5 7 8 9 11 12 13 14 | 14.9
Shields        | 4 5 7 8 9 10 11 12 13 15 18 | 18.9
Armour         | 4 5 7 8 10 11 12 13 14 | 14.7
Long Blades    | 4 5 7 8 9 10 12 13 14 15 16 | 16.7
Dodging        | 1 4 5 6 7 8 |  8.3
Throwing       | 3 |  3.8
Stealth        | 3 4 |  4.4
Unarmed Combat | 4 |  4.2
Spellcasting   | 2 |  2.5
Invocations    | 1 2 |  2.0
Evocations     | |  0.7

Action                   |  1- 3 |  4- 6 |  7- 9 | 10-12 | 13-15 | 16-18 || total
-------------------------+-------+-------+-------+-------+-------+-------++-------
Melee: Long sword        |   110 |   100 |   373 |   771 |   618 |       ||  1972
       Headbutt          |    15 |    20 |    89 |   209 |   359 |    56 ||   748
       Scimitar          |       |       |       |       |   842 |    57 ||   899
       Eudemon blade     |       |       |       |       |   182 |   166 ||   348
Invok: Heroism           |       |       |       |     7 |    12 |     2 ||    21
Evoke: Wand              |       |       |       |     9 |       |       ||     9
  Use: Potion            |       |       |     7 |     2 |     2 |       ||    11
       Scroll            |       |       |     5 |    12 |     5 |     3 ||    25
 Stab: Petrified         |       |       |       |       |       |     2 ||     2
       Petrifying        |       |       |       |       |       |     1 ||     1
  Eat: Chunk             |     2 |     3 |    10 |    21 |    44 |     7 ||    87
       Ration            |       |       |       |     1 |     1 |       ||     2
Armor: Scale mail        |    55 |    39 |   158 |    21 |       |       ||   273
       Chain mail        |       |       |       |   191 |       |       ||   191
       Plate armour      |       |       |       |   128 |   775 |    43 ||   946
Dodge: Dodged            |    43 |    23 |   173 |   416 |   468 |    31 ||  1154
Block: Shield            |    67 |    59 |   225 |    96 |       |     9 ||   456
       Buckler           |       |       |       |   188 |   145 |       ||   333
       Large shield      |       |       |       |       |  1430 |   176 ||  1606
       Rpst.: Long sword |    15 |     8 |    52 |    98 |    60 |       ||   233
       Scimitar          |       |       |       |       |    27 |     2 ||    29
       Eudemon blade     |       |       |       |       |    12 |     5 ||    17
